Griffins vs Gulls

Created - Saturday, January 23, 2016 at 01:19

Goals
1 2 3 OT1 SO T
Griffins 0 0 1 0 0 1
Gulls 0 0 1 0 1 2
Shots
1 2 3 OT1 SO T
Griffins 8 11 6 1 3 26
Gulls 6 4 10 2 2 22

1st period

No Goal

Penalties :
Jared Staal (GRG) for Kneeing (Minor) at 2:21, Jerry D'Amigo (SDI) for Fighting (Major) at 5:13, Kellan Lain (GRG) for Fighting (Major) at 5:13, Brayden Irwin (SDI) for Fighting (Major) at 6:55, John McFarland (GRG) for Fighting (Major) at 6:55, Joey Crabb (SDI) for Fighting (Major) at 8:00, Zac Rinaldo (GRG) for Fighting (Major) at 8:00, Taylor Aronson (GRG) for Tripping (Minor) at 10:26, Nathan McIver (SDI) for Hooking (Minor) at 14:29

2nd period

No Goal

Penalties :
Brayden Irwin (SDI) for Fighting (Major) at 2:56, Zac Rinaldo (GRG) for Fighting (Major) at 2:56, Scott Ford (SDI) for Holding (Minor) at 3:52, Scott Ford (SDI) for High sticking (Minor) at 11:09

3rd period

1. Gulls , Brayden Irwin 2 (Joey Crabb, Brad Richard) at 10:25 (PP)
2. Griffins , Zac Rinaldo 5 (Damien Brunner) at 18:38

Penalties :
Nathan McIver (SDI) for Slashing (Minor) at 0:46, Mike Angelidis (GRG) for Goalie Interference (Minor) at 10:09, Scott Ford (SDI) for Hooking (Minor) at 10:50, Kellan Lain (GRG) for Interference (Minor) at 13:28

Overtime #1

No Goal

Penalties :
No Penalty

Shootout

Penalty Shot by Damien Brunner for Griffins - Stopped by Brad Thiessen
Penalty Shot by James Sheppard for Gulls - Goal!
Penalty Shot by Zac Rinaldo for Griffins - Stopped by Brad Thiessen
Penalty Shot by Jesse Joensuu for Gulls - Shot Misses the Net
Penalty Shot by Peter Regin for Griffins - Stopped by Brad Thiessen

Penalties :
No Penalty

Goalie Stats

Anton Forsberg (GRG), 21 saves from 22 shots - (0.955), OTL, 11-13-8, 65:00 minutes
Brad Thiessen (SDI), 25 saves from 26 shots - (0.962), W, 16-9-6, 65:00 minutes

Players Stats for Griffins

Player Name              G  A  P  +/- PIM S  H  SB GA TA FO     MP     PP MP  PK MP  
------------------------------------------------------------------------------------
Adam Payerl              0  0  0   0  0   1  0  0  0  0  1/1     6:55   1:33   0:00 
Corey Trivino            0  0  0   0  0   1  1  0  1  0  2/4     7:52   0:00   0:53 
Damien Brunner           0  1  1   1  0   6  1  0  5  0  5/9    25:41   4:17   3:45 
Dylan Reese              0  0  0   0  0   1  0  2  1  0  0/0    23:34   4:43   3:06 
Jared Staal              0  0  0   0  2   2  0  0  0  0  0/0     7:35   0:00   0:00 
John McFarland           0  0  0   0  5   1  1  0  8  0  0/0    15:01   0:00   1:20 
Kellan Lain              0  0  0   0  7   0  2  0  0  0  1/1    12:23   0:00   0:00 
Mark Alt                 0  0  0   0  0   1  3  2  1  1  0/0    27:28   5:12   3:07 
Mark Mancari             0  0  0   0  0   0  1  0  0  0  0/1    17:18   5:07   0:00 
Matt Taormina            0  0  0   0  0   0  5  2  0  0  0/0    27:28   5:12   3:07 
Mike Angelidis           0  0  0   0  2   2  6  0  3  0  1/1    21:38   5:07   2:18 
Mike Keenan              0  0  0   1  0   1  0  0  0  1  0/0    15:20   0:00   1:10 
Peter Regin              0  0  0   1  0   1  4  0  2  0  6/9    17:13   4:48   0:46 
Scott Valentine          0  0  0   1  0   2  0  0  0  0  0/0    13:58   0:00   0:00 
T.J. Hensick             0  0  0   0  0   2  0  0  3  1  6/13   17:18   5:07   0:00 
Taylor Aronson           0  0  0   0  2   0  2  0  0  1  0/0    22:11   4:43   1:56 
William Nylander         0  0  0   0  0   3  2  0  2  0  7/9    16:44   0:16   1:24 
Zac Rinaldo              1  0  1   1  10  2  4  1  4  1  0/1    18:33   3:30   2:31 

Players Stats for Gulls

Player Name              G  A  P  +/- PIM S  H  SB GA TA FO     MP     PP MP  PK MP  
------------------------------------------------------------------------------------
Brad Richard             0  1  1  -1  0   1  2  1  0  1  0/0    25:39   3:35   4:17 
Brayden Irwin            1  0  1  -1  10  3  0  0  1  0  3/8    12:08   2:13   0:00 
Carter Camper            0  0  0   0  0   1  0  0  0  0  0/1     3:49   0:42   0:19 
Chase Schaber            0  0  0   0  0   0  1  0  0  0  2/10   14:46   0:00   0:00 
Guillaume Lepine         0  0  0   0  0   0  0  1  0  1  0/0    11:01   0:00   1:11 
James Sheppard           0  0  0   0  0   2  0  0  2  1  7/13   16:14   2:23   0:00 
Jerry D'Amigo            0  0  0   0  5   1  1  0  0  1  1/1    19:07   0:55   6:33 
Jesse Joensuu            0  0  0   0  0   4  2  1  3  0  0/1    20:30   4:00   0:19 
Jimmy Bonneau            0  0  0   0  0   0  0  0  0  0  0/0     1:15   0:22   0:19 
Joey Crabb               0  1  1  -1  5   3  2  0  1  0  6/8    22:13   1:51   7:14 
Jordan Caron             0  0  0   0  0   0  2  0  0  3  0/3    23:02   2:23   2:02 
Matt Lashoff             0  0  0   0  0   0  0  0  0  0  0/0     6:27   0:00   0:15 
Nathan McIver            0  0  0   0  4   0  3  0  0  4  0/0    28:10   2:25   4:28 
Ryan Bourque             0  0  0   0  0   1  1  0  1  1  0/0    11:43   0:00   1:02 
Scott Ford               0  0  0  -1  6   1  1  2  0  3  0/0    31:32   4:00   3:38 
Simon Gagne              0  0  0  -1  0   2  0  1  1  4  0/0    18:07   3:28   2:02 
Sven Andrighetto         0  0  0   0  0   3  0  0  3  1  1/4    15:46   0:22   0:00 
William Wrenn            0  0  0   0  0   0  3  0  0  2  0/0    28:27   2:26   6:01 

3 Stars

1 - Brad Thiessen (SDI)
2 - Anton Forsberg (GRG)
3 - Damien Brunner (GRG)

Power Play

Griffins - 0 on 5 Attempt(s) - 0.00%
Gulls - 1 on 4 Attempt(s) - 25.00%

Penalty Kill

Griffins - 3 on 4 Attempt(s) - 75.00% - Score 0 goal in Penalty Kill
Gulls - 5 on 5 Attempt(s) - 100.00% - Score 0 goal in Penalty Kill

Team Stat

Griffins - Hits : 32 - Faceoff Wins : 29 - Blocked Shots : 7 - Penalty Minutes : 28
Gulls - Hits : 18 - Faceoff Wins : 20 - Blocked Shots : 6 - Penalty Minutes : 30

Official

Referees : Unknown
Linesman : Unknown

Game Notes

Jerry D'Amigo beats up Kellan Lain at 5:13 of 1st period
Brayden Irwin and John McFarland fight to a draw at 6:55 of 1st period
Zac Rinaldo beats up Joey Crabb at 8:00 of 1st period
Zac Rinaldo beats up Brayden Irwin at 2:56 of 2nd period

Finance

Level 1 -- Attendance: 1508 (75.40%) -- Ticket Income $52,780
Level 2 -- Attendance: 706 (70.60%) -- Ticket Income $10,590
Total Attendance: 2214 (73.80%)
Total Ticket Income: $63,370
Other Income: $31,051
Total Income: $94,421

Griffins

5 vs 5 Forward 
   Center                   Left Wing                Right Wing               Time % Phy DF OF 
 1 Peter Regin              Damien Brunner           Zac Rinaldo              35     1   2  2  
 2 T.J. Hensick             Mike Angelidis           Mark Mancari             30     1   2  2  
 3 William Nylander         Kellan Lain              John McFarland           22     1   2  2  
 4 Corey Trivino            Damien Brunner           Jared Staal              13     1   2  2  

5 vs 5 Defense 
   Defense                  Defense                                           Time % Phy DF OF 
 1 Matt Taormina            Mark Alt                                          35     1   2  2  
 2 Taylor Aronson           Dylan Reese                                       30     1   2  2  
 3 Scott Valentine          Mike Keenan                                       22     1   2  2  
 4 Matt Taormina            Mark Alt                                          13     1   2  2  

PowerPlay Forward 
   Center                   Left Wing                Right Wing               Time % Phy DF OF 
 1 Peter Regin              Damien Brunner           Zac Rinaldo              60     1   2  2  
 2 T.J. Hensick             Mike Angelidis           Mark Mancari             40     1   2  2  

PowerPlay Defense
   Defense                  Defense                                           Time % Phy DF OF 
 1 Matt Taormina            Mark Alt                                          60     1   2  2  
 2 Taylor Aronson           Dylan Reese                                       40     1   2  2  

Penalty Kill 4 Players Forward 
   Center                   Wing                     Time % Phy DF OF 
 1 Damien Brunner           Zac Rinaldo              60     1   2  2  
 2 Peter Regin              Mike Angelidis           40     1   2  2  

Penalty Kill 4 Players Defense
   Defense                  Defense                  Time % Phy DF OF 
 1 Matt Taormina            Mark Alt                 60     1   2  2  
 2 Taylor Aronson           Dylan Reese              40     1   2  2  

Penalty Kill - 3 Players Forward 
   Forward                                           Time % Phy DF OF 
 1 Damien Brunner                                    60     1   2  2  
 2 Zac Rinaldo                                       40     1   2  2  

Penalty Kill - 3 Players Defense
   Defense                  Defense                  Time % Phy DF OF 
 1 Matt Taormina            Mark Alt                 60     1   2  2  
 2 Taylor Aronson           Dylan Reese              40     1   2  2  

4 vs 4 Forward 
   Center                   Wing                     Time % Phy DF OF 
 1 Damien Brunner           Zac Rinaldo              60     1   2  2  
 2 Peter Regin              Mike Angelidis           40     1   2  2  

4 vs 4 Defense
   Defense                  Defense                  Time % Phy DF OF 
 1 Matt Taormina            Mark Alt                 60     1   2  2  
 2 Taylor Aronson           Dylan Reese              40     1   2  2  

Last Minutes Offensive
   Center                   Left Wing                Right Wing               Defense                  Defense                  
   Peter Regin              Damien Brunner           Zac Rinaldo              Matt Taormina            Mark Alt                 

Last Minutes Defensive
   Center                   Left Wing                Right Wing               Defense                  Defense                  
   Peter Regin              Damien Brunner           Zac Rinaldo              Matt Taormina            Mark Alt                 

Goaltenders
Starting : Anton Forsberg           
Backup : Peter Budaj              

Extra Forwards
Normal : Adam Payerl, William Nylander, John McFarland - PP : Adam Payerl, William Nylander - PK : John McFarland
Extra Defensemen
Normal : Scott Valentine, Mike Keenan, Taylor Aronson - PP : Scott Valentine - PK : Mike Keenan, Taylor Aronson
Penalty Shots
Damien Brunner, Zac Rinaldo, Peter Regin, Mike Angelidis, Mark Mancari

Gulls

5 vs 5 Forward 
   Center                   Left Wing                Right Wing               Time % Phy DF OF 
 1 James Sheppard           Jesse Joensuu            Jordan Caron             35     1   2  2  
 2 Brayden Irwin            Simon Gagne              Joey Crabb               30     1   2  2  
 3 Chase Schaber            Jerry D'Amigo            Sven Andrighetto         22     1   2  2  
 4 Jordan Caron             Ryan Bourque             Joey Crabb               13     1   2  2  

5 vs 5 Defense 
   Defense                  Defense                                           Time % Phy DF OF 
 1 Brad Richard             Scott Ford                                        35     1   2  2  
 2 William Wrenn            Nathan McIver                                     30     1   2  2  
 3 William Wrenn            Scott Ford                                        22     1   2  2  
 4 Scott Ford               Nathan McIver                                     13     1   2  2  

PowerPlay Forward 
   Center                   Left Wing                Right Wing               Time % Phy DF OF 
 1 James Sheppard           Jesse Joensuu            Jordan Caron             60     1   2  2  
 2 Brayden Irwin            Simon Gagne              Joey Crabb               40     1   2  2  

PowerPlay Defense
   Defense                  Defense                                           Time % Phy DF OF 
 1 Brad Richard             Scott Ford                                        60     1   2  2  
 2 William Wrenn            Nathan McIver                                     40     1   2  2  

Penalty Kill 4 Players Forward 
   Center                   Wing                     Time % Phy DF OF 
 1 Joey Crabb               Jerry D'Amigo            60     1   2  2  
 2 Jordan Caron             Simon Gagne              40     1   2  2  

Penalty Kill 4 Players Defense
   Defense                  Defense                  Time % Phy DF OF 
 1 Brad Richard             Scott Ford               60     1   2  2  
 2 William Wrenn            Nathan McIver            40     1   2  2  

Penalty Kill - 3 Players Forward 
   Forward                                           Time % Phy DF OF 
 1 Jordan Caron                                      60     1   2  2  
 2 Simon Gagne                                       40     1   2  2  

Penalty Kill - 3 Players Defense
   Defense                  Defense                  Time % Phy DF OF 
 1 Scott Ford               Guillaume Lepine         60     1   2  2  
 2 William Wrenn            Nathan McIver            40     1   2  2  

4 vs 4 Forward 
   Center                   Wing                     Time % Phy DF OF 
 1 Joey Crabb               Ryan Bourque             60     1   2  2  
 2 Jordan Caron             Simon Gagne              40     1   2  2  

4 vs 4 Defense
   Defense                  Defense                  Time % Phy DF OF 
 1 Matt Lashoff             Scott Ford               60     1   2  2  
 2 William Wrenn            Nathan McIver            40     1   2  2  

Last Minutes Offensive
   Center                   Left Wing                Right Wing               Defense                  Defense                  
   James Sheppard           Jesse Joensuu            Jordan Caron             William Wrenn            Scott Ford               

Last Minutes Defensive
   Center                   Left Wing                Right Wing               Defense                  Defense                  
   James Sheppard           Jesse Joensuu            Jordan Caron             William Wrenn            Scott Ford               

Goaltenders
Starting : Brad Thiessen            
Backup : Niklas Svedberg          

Extra Forwards
Normal : Jordan Caron, Jerry D'Amigo, Ryan Bourque - PP : Jordan Caron, Jerry D'Amigo - PK : Ryan Bourque
Extra Defensemen
Normal : William Wrenn, Scott Ford, Nathan McIver - PP : William Wrenn - PK : William Wrenn, Nathan McIver
Penalty Shots
James Sheppard, Jesse Joensuu, Jordan Caron, Simon Gagne, Joey Crabb

% Time on Ice - Griffins

Lines # - Real PCT - Wanted PCT - Time Play
Normal Forward
1 - 27% - 35% - 11:39
2 - 28% - 30% - 12:11
3 - 30% - 22% - 13:20
4 - 15% - 13% - 6:42
Normal Defense
1 - 33% - 35% - 14:21
2 - 30% - 30% - 13:22
3 - 32% - 22% - 13:58
4 - 5% - 13% - 2:11
PP Forward
1 - 48% - 60% - 4:48
2 - 52% - 40% - 5:07
PP Defense
1 - 52% - 60% - 5:12
2 - 48% - 40% - 4:43
PK Forward
1 - 88% - 60% - 5:27
2 - 12% - 40% - 0:46
PK Defense
1 - 50% - 60% - 3:07
2 - 50% - 40% - 3:06
PK3 Forward
1 - 0% - 60%
2 - 0% - 40%
PK3 Defense
1 - 0% - 60%
2 - 0% - 40%
44 Forward
1 - 90% - 60% - 4:30
2 - 10% - 40% - 0:30
44 Defense
1 - 52% - 60% - 2:37
2 - 48% - 40% - 2:23
Last Minute Offensive  - 0:00
Last Minute Defensive  - 0:00
Total
Forward - 65:00
Defense - 65:00

% Time on Ice - Gulls

Lines # - Real PCT - Wanted PCT - Time Play
Normal Forward
1 - 33% - 35% - 14:39
2 - 28% - 30% - 12:15
3 - 34% - 22% - 14:46
4 - 5% - 13% - 2:12
Normal Defense
1 - 38% - 35% - 16:48
2 - 35% - 30% - 15:27
3 - 17% - 22% - 7:18
4 - 10% - 13% - 4:19
PP Forward
1 - 38% - 60% - 2:23
2 - 62% - 40% - 3:50
PP Defense
1 - 61% - 60% - 3:47
2 - 39% - 40% - 2:26
PK Forward
1 - 79% - 60% - 7:53
2 - 21% - 40% - 2:02
PK Defense
1 - 50% - 60% - 4:58
2 - 50% - 40% - 4:57
PK3 Forward
1 - 0% - 60%
2 - 0% - 40%
PK3 Defense
1 - 0% - 60%
2 - 0% - 40%
44 Forward
1 - 100% - 60% - 5:00
2 - 0% - 40% - 0:00
44 Defense
1 - 54% - 60% - 2:42
2 - 46% - 40% - 2:18
Last Minute Offensive  - 0:00
Last Minute Defensive  - 0:00
Total
Forward - 65:00
Defense - 65:00

Play by Play

1st period


0:01 of 1st period - James Sheppard wins face-off versus Zac Rinaldo in neutral zone.
0:46 of 1st period - Wrist shot by Mike Angelidis.
0:46 of 1st period - Stopped by Brad Thiessen without a rebound.
0:47 of 1st period - T.J. Hensick wins face-off versus Brayden Irwin in Gulls zone.
1:14 of 1st period - Off-side.
1:15 of 1st period - William Nylander wins face-off versus Chase Schaber in neutral zone.
1:17 of 1st period - Off-side.
1:18 of 1st period - William Nylander wins face-off versus Chase Schaber in neutral zone.
1:38 of 1st period - Wrist shot by Mike Keenan.
1:38 of 1st period - Stopped by Brad Thiessen with a rebound.
1:40 of 1st period - Slapshot by William Nylander.
1:40 of 1st period - Shot Misses the Net.
2:21 of 1st period - Minor Penalty to Jared Staal for Kneeing.
2:22 of 1st period - Damien Brunner wins face-off versus James Sheppard in Griffins zone.
2:35 of 1st period - Slapshot by Jesse Joensuu.
2:35 of 1st period - Stopped by Anton Forsberg without a rebound.
2:36 of 1st period - James Sheppard wins face-off versus Damien Brunner in Griffins zone.
2:49 of 1st period - Wrist shot by Jesse Joensuu.
2:49 of 1st period - Shot Blocked by Zac Rinaldo.
2:51 of 1st period - Slapshot by Jesse Joensuu.
2:51 of 1st period - Stopped by Anton Forsberg with a rebound.
2:53 of 1st period - Wrist shot by Jordan Caron.
2:53 of 1st period - Shot Blocked by Mark Alt.
4:01 of 1st period - Snap shot by Jesse Joensuu.
4:01 of 1st period - Shot Misses the Net.
4:03 of 1st period - Slapshot by Scott Ford.
4:03 of 1st period - Stopped by Anton Forsberg without a rebound.
4:04 of 1st period - Damien Brunner wins face-off versus Jordan Caron in Griffins zone.
4:21 of 1st period - Penalty to Jared Staal is over, Jared Staal is back on ice.
4:25 of 1st period - Zac Rinaldo is hit by Brad Richard and loses puck.
4:50 of 1st period - Snap shot by John McFarland.
4:50 of 1st period - Stopped by Brad Thiessen without a rebound.
4:51 of 1st period - William Nylander wins face-off versus Sven Andrighetto in Gulls zone.
5:13 of 1st period - Jerry D'Amigo beats up Kellan Lain.
5:13 of 1st period - Penalty to Jerry D'Amigo for Fighting.
5:13 of 1st period - Penalty to Kellan Lain for Fighting.
5:14 of 1st period - James Sheppard wins face-off versus T.J. Hensick in Gulls zone.
5:21 of 1st period - Slapshot by T.J. Hensick.
5:21 of 1st period - Shot Misses the Net.
5:34 of 1st period - Wrist shot by Mike Angelidis.
5:34 of 1st period - Deflect By T.J. Hensick.
5:34 of 1st period - Stopped by Brad Thiessen with a rebound.
6:28 of 1st period - Snap shot by Zac Rinaldo.
6:28 of 1st period - Stopped by Brad Thiessen with a rebound.
6:55 of 1st period - Brayden Irwin and John McFarland fight to a draw.
6:55 of 1st period - Penalty to Brayden Irwin for Fighting.
6:55 of 1st period - Penalty to John McFarland for Fighting.
6:56 of 1st period - James Sheppard wins face-off versus T.J. Hensick in Gulls zone.
7:17 of 1st period - Snap shot by James Sheppard.
7:17 of 1st period - Shot Misses the Net.
7:51 of 1st period - Wrist shot by Damien Brunner.
7:51 of 1st period - Stopped by Brad Thiessen with a rebound.
8:00 of 1st period - Zac Rinaldo beats up Joey Crabb.
8:00 of 1st period - Penalty to Joey Crabb for Fighting.
8:00 of 1st period - Penalty to Zac Rinaldo for Fighting.
8:01 of 1st period - Adam Payerl wins face-off versus Jordan Caron in neutral zone.
8:08 of 1st period - Ryan Bourque is hit by Peter Regin and loses puck.
8:21 of 1st period - Snap shot by Damien Brunner.
8:21 of 1st period - Stopped by Brad Thiessen without a rebound.
8:22 of 1st period - Chase Schaber wins face-off versus T.J. Hensick in Gulls zone.
8:22 of 1st period - Chase Schaber is hit by Matt Taormina.
8:56 of 1st period - Snap shot by Mike Angelidis.
8:56 of 1st period - Shot Misses the Net.
8:58 of 1st period - Slapshot by Mark Mancari.
8:58 of 1st period - Shot Misses the Net.
9:14 of 1st period - Wrist shot by Damien Brunner.
9:14 of 1st period - Stopped by Brad Thiessen with a rebound.
10:26 of 1st period - Minor Penalty to Taylor Aronson for Tripping.
10:27 of 1st period - Jerry D'Amigo wins face-off versus Damien Brunner in Griffins zone.
10:51 of 1st period - Matt Taormina is hit by Jesse Joensuu and loses puck.
11:10 of 1st period - Slapshot by Jesse Joensuu.
11:10 of 1st period - Shot Blocked by Matt Taormina.
11:55 of 1st period - Penalty to John McFarland is over, John McFarland is back on ice.
12:10 of 1st period - Snap shot by Brayden Irwin.
12:10 of 1st period - Shot Misses the Net.
12:24 of 1st period - Slapshot by Brayden Irwin.
12:24 of 1st period - Stopped by Anton Forsberg with a rebound.
12:57 of 1st period - Icing by Mike Angelidis.
12:58 of 1st period - T.J. Hensick wins face-off versus Carter Camper in Griffins zone.
13:25 of 1st period - Wrist shot by Damien Brunner.
13:25 of 1st period - Deflect By Sven Andrighetto.
13:25 of 1st period - Shot Misses the Net.
13:25 of 1st period - Puck is out of play.
13:26 of 1st period - Brayden Irwin wins face-off versus Peter Regin in Gulls zone.
14:18 of 1st period - Backhand shot by Sven Andrighetto.
14:18 of 1st period - Stopped by Anton Forsberg without a rebound.
14:19 of 1st period - William Nylander wins face-off versus Chase Schaber in Griffins zone.
14:29 of 1st period - Minor Penalty to Nathan McIver for Hooking.
14:30 of 1st period - Peter Regin wins face-off versus Joey Crabb in Gulls zone.
15:06 of 1st period - Mark Mancari is hit by Brad Richard and loses puck.
15:13 of 1st period - Slapshot by Matt Taormina.
15:13 of 1st period - Deflect By Mike Angelidis.
15:13 of 1st period - Shot Blocked by Scott Ford.
15:13 of 1st period - Puck is out of play.
15:14 of 1st period - Joey Crabb wins face-off versus T.J. Hensick in Gulls zone.
15:23 of 1st period - Wrist shot by Jerry D'Amigo.
15:23 of 1st period - Shot Blocked by Dylan Reese.
16:29 of 1st period - Penalty to Nathan McIver is over, Nathan McIver is back on ice.
17:07 of 1st period - Jordan Caron is hit by Matt Taormina and loses puck.
17:35 of 1st period - Snap shot by Ryan Bourque.
17:35 of 1st period - Deflect By Sven Andrighetto.
17:35 of 1st period - Stopped by Anton Forsberg without a rebound.
17:36 of 1st period - Corey Trivino wins face-off versus Chase Schaber in Griffins zone.
18:08 of 1st period - Chase Schaber is hit by John McFarland and loses puck.
18:37 of 1st period - Guillaume Lepine is hit by Zac Rinaldo and loses puck.
19:30 of 1st period - Off-side.
19:31 of 1st period - William Nylander wins face-off versus James Sheppard in neutral zone.
Goals for this period are 0 for Griffins vs 0 for Gulls.
Shots for this period are 8 for Griffins vs 6 for Gulls.

2nd period


0:01 of 2nd period - Peter Regin wins face-off versus James Sheppard in neutral zone.
0:04 of 2nd period - James Sheppard is hit by Peter Regin and loses puck.
0:54 of 2nd period - Mark Mancari is hit by Nathan McIver and loses puck.
1:09 of 2nd period - Simon Gagne is hit by Matt Taormina and loses puck.
1:36 of 2nd period - Dylan Reese is hit by William Wrenn and loses puck.
2:53 of 2nd period - Wrist shot by Damien Brunner.
2:53 of 2nd period - Deflect By Peter Regin.
2:53 of 2nd period - Stopped by Brad Thiessen with a rebound.
2:56 of 2nd period - Zac Rinaldo beats up Brayden Irwin.
2:56 of 2nd period - Penalty to Brayden Irwin for Fighting.
2:56 of 2nd period - Penalty to Zac Rinaldo for Fighting.
2:57 of 2nd period - Joey Crabb wins face-off versus T.J. Hensick in neutral zone.
3:04 of 2nd period - Snap shot by Jordan Caron.
3:04 of 2nd period - Shot Misses the Net.
3:10 of 2nd period - Taylor Aronson is hit by Joey Crabb and loses puck.
3:31 of 2nd period - Off-side.
3:32 of 2nd period - William Nylander wins face-off versus Chase Schaber in neutral zone.
3:52 of 2nd period - Minor Penalty to Scott Ford for Holding.
3:53 of 2nd period - Joey Crabb wins face-off versus Peter Regin in Gulls zone.
4:01 of 2nd period - Snap shot by Joey Crabb.
4:01 of 2nd period - Stopped by Anton Forsberg with a rebound.
4:43 of 2nd period - Joey Crabb is hit by Mike Angelidis and loses puck.
5:52 of 2nd period - Penalty to Scott Ford is over, Scott Ford is back on ice.
5:56 of 2nd period - Scott Ford is hit by Matt Taormina and loses puck.
6:16 of 2nd period - Slapshot by William Nylander.
6:16 of 2nd period - Shot Misses the Net.
6:18 of 2nd period - Slapshot by Scott Valentine.
6:18 of 2nd period - Deflect By Simon Gagne.
6:18 of 2nd period - Stopped by Brad Thiessen with a rebound.
7:20 of 2nd period - Snap shot by Sven Andrighetto.
7:20 of 2nd period - Shot Blocked by Dylan Reese.
7:34 of 2nd period - Snap shot by William Nylander.
7:34 of 2nd period - Stopped by Brad Thiessen with a rebound.
7:36 of 2nd period - Slapshot by Matt Taormina.
7:36 of 2nd period - Deflect By William Nylander.
7:36 of 2nd period - Stopped by Brad Thiessen with a rebound.
7:38 of 2nd period - Slapshot by Matt Taormina.
7:38 of 2nd period - Deflect By William Nylander.
7:38 of 2nd period - Stopped by Brad Thiessen with a rebound.
7:40 of 2nd period - Slapshot by Mark Alt.
7:40 of 2nd period - Stopped by Brad Thiessen without a rebound.
7:41 of 2nd period - James Sheppard wins face-off versus William Nylander in Gulls zone.
7:54 of 2nd period - Wrist shot by Jesse Joensuu.
7:54 of 2nd period - Stopped by Anton Forsberg with a rebound.
7:56 of 2nd period - Slapshot by Brad Richard.
7:56 of 2nd period - Shot Blocked by Mark Alt.
7:58 of 2nd period - Wrist shot by James Sheppard.
7:58 of 2nd period - Shot Misses the Net.
8:00 of 2nd period - Snap shot by James Sheppard.
8:00 of 2nd period - Stopped by Anton Forsberg with a rebound.
8:46 of 2nd period - Jesse Joensuu is hit by Damien Brunner and loses puck.
8:59 of 2nd period - Snap shot by Damien Brunner.
8:59 of 2nd period - Stopped by Brad Thiessen with a rebound.
10:18 of 2nd period - Chase Schaber is hit by Corey Trivino.
10:51 of 2nd period - Jerry D'Amigo is hit by Kellan Lain and loses puck.
11:09 of 2nd period - Minor Penalty to Scott Ford for High sticking.
11:10 of 2nd period - Joey Crabb wins face-off versus Peter Regin in Gulls zone.
11:34 of 2nd period - Joey Crabb is hit by Zac Rinaldo and loses puck.
11:45 of 2nd period - Joey Crabb is hit by Mike Angelidis and loses puck.
12:37 of 2nd period - Guillaume Lepine is hit by Zac Rinaldo and loses puck.
13:00 of 2nd period - Carter Camper is hit by Mark Alt and loses puck.
13:09 of 2nd period - Penalty to Scott Ford is over, Scott Ford is back on ice.
13:11 of 2nd period - Wrist shot by Simon Gagne.
13:11 of 2nd period - Shot Misses the Net.
13:13 of 2nd period - Snap shot by Simon Gagne.
13:13 of 2nd period - Shot Misses the Net.
13:25 of 2nd period - Simon Gagne is hit by Zac Rinaldo.
14:04 of 2nd period - Off-side.
14:05 of 2nd period - Brayden Irwin wins face-off versus William Nylander in neutral zone.
15:30 of 2nd period - Jordan Caron is hit by William Nylander and loses puck.
16:00 of 2nd period - Wrist shot by Corey Trivino.
16:00 of 2nd period - Stopped by Brad Thiessen with a rebound.
16:02 of 2nd period - Wrist shot by Jared Staal.
16:02 of 2nd period - Stopped by Brad Thiessen without a rebound.
16:03 of 2nd period - Chase Schaber wins face-off versus Corey Trivino in Gulls zone.
16:23 of 2nd period - Sven Andrighetto is hit by Mark Mancari and loses puck.
16:42 of 2nd period - Mike Angelidis is hit by Ryan Bourque and loses puck.
17:12 of 2nd period - Brayden Irwin is hit by Mark Alt and loses puck.
18:03 of 2nd period - Slapshot by T.J. Hensick.
18:03 of 2nd period - Shot Blocked by Jesse Joensuu.
18:05 of 2nd period - Slapshot by Dylan Reese.
18:05 of 2nd period - Stopped by Brad Thiessen with a rebound.
18:07 of 2nd period - Backhand shot by Mark Mancari.
18:07 of 2nd period - Shot Misses the Net.
18:28 of 2nd period - Wrist shot by Sven Andrighetto.
18:28 of 2nd period - Stopped by Anton Forsberg without a rebound.
18:29 of 2nd period - Sven Andrighetto wins face-off versus Corey Trivino in Griffins zone.
18:51 of 2nd period - Wrist shot by Corey Trivino.
18:51 of 2nd period - Deflect By Jared Staal.
18:51 of 2nd period - Shot Blocked by Guillaume Lepine.
18:51 of 2nd period - Puck is out of play.
18:52 of 2nd period - Peter Regin wins face-off versus Brayden Irwin in Gulls zone.
18:55 of 2nd period - Wrist shot by Damien Brunner.
18:55 of 2nd period - Stopped by Brad Thiessen with a rebound.
19:35 of 2nd period - Ryan Bourque is hit by Kellan Lain and loses puck.
Goals for this period are 0 for Griffins vs 0 for Gulls.
Shots for this period are 11 for Griffins vs 4 for Gulls.

3rd period


0:01 of 3rd period - Peter Regin wins face-off versus Brayden Irwin in neutral zone.
0:15 of 3rd period - Off-side.
0:16 of 3rd period - Peter Regin wins face-off versus Brayden Irwin in neutral zone.
0:43 of 3rd period - Snap shot by Damien Brunner.
0:43 of 3rd period - Stopped by Brad Thiessen without a rebound.
0:44 of 3rd period - James Sheppard wins face-off versus T.J. Hensick in Gulls zone.
0:46 of 3rd period - Minor Penalty to Nathan McIver for Slashing.
0:47 of 3rd period - Joey Crabb wins face-off versus Mark Mancari in Gulls zone.
0:47 of 3rd period - Joey Crabb is hit by Mark Alt.
1:08 of 3rd period - Snap shot by T.J. Hensick.
1:08 of 3rd period - Stopped by Brad Thiessen with a rebound.
1:40 of 3rd period - Simon Gagne is hit by Matt Taormina and loses puck.
2:31 of 3rd period - Mark Mancari is hit by Joey Crabb and loses puck.
2:46 of 3rd period - Penalty to Nathan McIver is over, Nathan McIver is back on ice.
2:58 of 3rd period - Jesse Joensuu is hit by Peter Regin and loses puck.
3:15 of 3rd period - Kellan Lain is hit by Jordan Caron and loses puck.
3:51 of 3rd period - Icing by Jerry D'Amigo.
3:52 of 3rd period - Damien Brunner wins face-off versus Sven Andrighetto in Gulls zone.
4:30 of 3rd period - Snap shot by Simon Gagne.
4:30 of 3rd period - Stopped by Anton Forsberg without a rebound.
4:31 of 3rd period - T.J. Hensick wins face-off versus Brayden Irwin in Griffins zone.
4:37 of 3rd period - Off-side.
4:38 of 3rd period - James Sheppard wins face-off versus T.J. Hensick in neutral zone.
5:00 of 3rd period - T.J. Hensick is hit by Jesse Joensuu and loses puck.
5:40 of 3rd period - Slapshot by William Nylander.
5:40 of 3rd period - Shot Blocked by Scott Ford.
5:42 of 3rd period - Slapshot by Scott Valentine.
5:42 of 3rd period - Stopped by Brad Thiessen with a rebound.
6:43 of 3rd period - Slapshot by Mike Angelidis.
6:43 of 3rd period - Shot Misses the Net.
7:13 of 3rd period - Slapshot by Jesse Joensuu.
7:13 of 3rd period - Stopped by Anton Forsberg with a rebound.
8:40 of 3rd period - Jesse Joensuu is hit by Mike Angelidis and loses puck.
10:09 of 3rd period - Minor Penalty to Mike Angelidis for Goalie Interference.
10:10 of 3rd period - Brayden Irwin wins face-off versus Damien Brunner in Griffins zone.
10:11 of 3rd period - Snap shot by Simon Gagne.
10:11 of 3rd period - Stopped by Anton Forsberg with a rebound.
10:13 of 3rd period - Wrist shot by Simon Gagne.
10:13 of 3rd period - Shot Misses the Net.
10:15 of 3rd period - Wrist shot by Brayden Irwin.
10:15 of 3rd period - Stopped by Anton Forsberg with a rebound.
10:17 of 3rd period - Snap shot by Joey Crabb.
10:17 of 3rd period - Shot Misses the Net.
10:19 of 3rd period - Slapshot by Brad Richard.
10:19 of 3rd period - Shot Misses the Net.
10:21 of 3rd period - Slapshot by Brad Richard.
10:21 of 3rd period - Stopped by Anton Forsberg with a rebound.
10:23 of 3rd period - Wrist shot by Joey Crabb.
10:23 of 3rd period - Shot Misses the Net.
10:25 of 3rd period - Slapshot by Brayden Irwin.
10:25 of 3rd period - Goal by Brayden Irwin - Griffins : 0 - Gulls : 1.
10:26 of 3rd period - T.J. Hensick wins face-off versus Chase Schaber in neutral zone.
10:31 of 3rd period - Taylor Aronson is hit by Chase Schaber and loses puck.
10:36 of 3rd period - Slapshot by Jerry D'Amigo.
10:36 of 3rd period - Shot Misses the Net.
10:38 of 3rd period - Wrist shot by Chase Schaber.
10:38 of 3rd period - Deflect By T.J. Hensick.
10:38 of 3rd period - Shot Misses the Net.
10:38 of 3rd period - Puck is out of play.
10:39 of 3rd period - T.J. Hensick wins face-off versus Sven Andrighetto in Griffins zone.
10:39 of 3rd period - T.J. Hensick is hit by William Wrenn.
10:50 of 3rd period - Minor Penalty to Scott Ford for Hooking.
10:51 of 3rd period - Mike Angelidis wins face-off versus Joey Crabb in Gulls zone.
11:38 of 3rd period - Matt Taormina is hit by Jordan Caron and loses puck.
12:18 of 3rd period - Dylan Reese is hit by William Wrenn and loses puck.
12:50 of 3rd period - Penalty to Scott Ford is over, Scott Ford is back on ice.
12:57 of 3rd period - Matt Taormina is hit by Scott Ford and loses puck.
13:28 of 3rd period - Minor Penalty to Kellan Lain for Interference.
13:29 of 3rd period - Damien Brunner wins face-off versus James Sheppard in Griffins zone.
13:49 of 3rd period - Slapshot by James Sheppard.
13:49 of 3rd period - Shot Misses the Net.
13:59 of 3rd period - Simon Gagne is hit by Taylor Aronson and loses puck.
15:28 of 3rd period - Penalty to Kellan Lain is over, Kellan Lain is back on ice.
16:34 of 3rd period - Icing by Scott Valentine.
16:35 of 3rd period - William Nylander wins face-off versus Chase Schaber in Griffins zone.
16:35 of 3rd period - William Nylander is hit by Nathan McIver.
17:03 of 3rd period - Snap shot by Mike Angelidis.
17:03 of 3rd period - Stopped by Brad Thiessen without a rebound.
17:04 of 3rd period - Corey Trivino wins face-off versus Jesse Joensuu in Gulls zone.
17:07 of 3rd period - Snap shot by Damien Brunner.
17:07 of 3rd period - Shot Blocked by Brad Richard.
17:09 of 3rd period - Slapshot by Mark Alt.
17:09 of 3rd period - Shot Misses the Net.
17:17 of 3rd period - Snap shot by Corey Trivino.
17:17 of 3rd period - Shot Misses the Net.
17:19 of 3rd period - Slapshot by Jared Staal.
17:19 of 3rd period - Stopped by Brad Thiessen with a rebound.
17:46 of 3rd period - Wrist shot by Mike Angelidis.
17:46 of 3rd period - Shot Blocked by Simon Gagne.
17:54 of 3rd period - Slapshot by Joey Crabb.
17:54 of 3rd period - Stopped by Anton Forsberg with a rebound.
18:06 of 3rd period - Sven Andrighetto is hit by Mike Angelidis and loses puck.
18:15 of 3rd period - Mike Angelidis is hit by Jerry D'Amigo and loses puck.
18:38 of 3rd period - Slapshot by Zac Rinaldo.
18:38 of 3rd period - Goal by Zac Rinaldo - Griffins : 1 - Gulls : 1.
18:39 of 3rd period - Peter Regin wins face-off versus James Sheppard in neutral zone.
18:52 of 3rd period - Wrist shot by Jesse Joensuu.
18:52 of 3rd period - Shot Misses the Net.
18:58 of 3rd period - Snap shot by James Sheppard.
18:58 of 3rd period - Stopped by Anton Forsberg with a rebound.
19:08 of 3rd period - Slapshot by Joey Crabb.
19:08 of 3rd period - Stopped by Anton Forsberg with a rebound.
19:10 of 3rd period - Wrist shot by Simon Gagne.
19:10 of 3rd period - Shot Blocked by Matt Taormina.
19:20 of 3rd period - Snap shot by Simon Gagne.
19:20 of 3rd period - Shot Misses the Net.
19:32 of 3rd period - Wrist shot by Jerry D'Amigo.
19:32 of 3rd period - Stopped by Anton Forsberg without a rebound.
19:33 of 3rd period - Kellan Lain wins face-off versus Chase Schaber in Griffins zone.
19:33 of 3rd period - Kellan Lain is hit by Nathan McIver.
19:57 of 3rd period - Off-side.
19:58 of 3rd period - T.J. Hensick wins face-off versus James Sheppard in neutral zone.
Goals for this period are 1 for Griffins vs 1 for Gulls.
Shots for this period are 6 for Griffins vs 10 for Gulls.

Overtime #1


0:01 of 1st overtime period - Joey Crabb wins face-off versus Damien Brunner in neutral zone.
0:27 of 1st overtime period - Snap shot by Damien Brunner.
0:27 of 1st overtime period - Shot Misses the Net.
1:28 of 1st overtime period - Snap shot by Ryan Bourque.
1:28 of 1st overtime period - Stopped by Anton Forsberg with a rebound.
2:03 of 1st overtime period - Snap shot by Adam Payerl.
2:03 of 1st overtime period - Stopped by Brad Thiessen with a rebound.
2:29 of 1st overtime period - Carter Camper is hit by Mike Angelidis and loses puck.
3:30 of 1st overtime period - Icing by Zac Rinaldo.
3:31 of 1st overtime period - Damien Brunner wins face-off versus Jordan Caron in Griffins zone.
3:42 of 1st overtime period - Jordan Caron is hit by Taylor Aronson and loses puck.
3:59 of 1st overtime period - Jesse Joensuu is hit by Mike Angelidis and loses puck.
4:06 of 1st overtime period - Wrist shot by Nathan McIver.
4:06 of 1st overtime period - Deflect By Carter Camper.
4:06 of 1st overtime period - Stopped by Anton Forsberg with a rebound.
4:12 of 1st overtime period - Jesse Joensuu is hit by Peter Regin and loses puck.
4:44 of 1st overtime period - Snap shot by Joey Crabb.
4:44 of 1st overtime period - Shot Misses the Net.
4:57 of 1st overtime period - Joey Crabb is hit by William Nylander and loses puck.
Goals for this period are 0 for Griffins vs 0 for Gulls.
Shots for this period are 1 for Griffins vs 2 for Gulls.

ShootOut


5:00 of 1st overtime period - Penalty Shot by Damien Brunner for Griffins.
5:00 of 1st overtime period - Snap shot by Damien Brunner.
5:00 of 1st overtime period - Stopped by Brad Thiessen.
5:00 of 1st overtime period - Penalty Shot by James Sheppard for Gulls.
5:00 of 1st overtime period - Snap shot by James Sheppard.
5:00 of 1st overtime period - Goal by James Sheppard.
5:00 of 1st overtime period - Penalty Shot by Zac Rinaldo for Griffins.
5:00 of 1st overtime period - Deke by Zac Rinaldo.
5:00 of 1st overtime period - Stopped by Brad Thiessen.
5:00 of 1st overtime period - Penalty Shot by Jesse Joensuu for Gulls.
5:00 of 1st overtime period - Backhand shot by Jesse Joensuu.
5:00 of 1st overtime period - Shot Misses the Net.
5:00 of 1st overtime period - Penalty Shot by Peter Regin for Griffins.
5:00 of 1st overtime period - Wrist shot by Peter Regin.
5:00 of 1st overtime period - Stopped by Brad Thiessen.